 Dungeon Crawl Stone Soup version 0.31-a0-182-gc5ef74bbde (webtiles) character file.

Game seed: 2303477086223603502

585 Drazool the Cudgeller (level 7, -4/70 HPs)
             Began as an Ogre Fighter on June 19, 2023.
             Slain by Pikel
             ... wielding a +2 whip of flaming
              (9 damage)
             ... on level 5 of the Dungeon on June 21, 2023.
             The game lasted 00:14:44 (4031 turns).

Drazool the Cudgeller (Ogre Fighter)                Turns: 4031, Time: 00:14:45

Health: -4/70      AC:  3    Str: 23    XL:     7   Next: 37%
Magic:  7/7        EV:  8    Int:  9    God:
Gold:   264        SH:  7    Dex:  8    Spells: 6/6 levels left

rFire   . . .        a - +0 flail
rCold   . . .        c - +0 kite shield
rNeg    . . .        b - +0 robe
rPois   .            (helmet restricted)
rElec   .            (no cloak)
rCorr   .            (gloves unavailable)
SInv    .            (boots unavailable)
Will    +....        (no amulet)
Stlth   +            W - ring of willpower
HPRegen 0.31/turn    (no ring)
MPRegen 0.10/turn

%: no passive effects
@: no status effects
A: large, unfitting armour, tough skin 1
a: no special abilities


You were on level 5 of the Dungeon.
You visited 1 branch of the dungeon, and saw 5 of its levels.

You collected 288 gold pieces.
You spent 24 gold pieces at shops.


Innate Abilities, Weirdness & Mutations

You are too large for most types of armour.
You have tough skin. (AC +1)


   Skills:
 - Level 4.0 Fighting
 + Level 7.2 Maces & Flails
 - Level 2.6 Dodging
 - Level 3.0 Shields


You had 6 spell levels left.
You didn't know any spells.
Your spell library contained the following spells:

 Spells                   Type           Power      Damage    Failure   Level
 Sublimation of Blood     Necr           0%         N/A       80%         2
 Wereblood                Tmut           0%         N/A       80%         2
 Inner Flame              Hex/Fire       0%         N/A       95%         3
 Yara's Violent Unravell  Hex/Tmut       0%         3d3       100%        5
 Enfeeble                 Hex            0%         N/A       100%        7
 Summon Hydra             Summ           0%         N/A       100%        7

Inventory:

Hand Weapons
 a - a +0 flail (weapon)
Missiles
 m - a throwing net {=f}
Armour
 b - a +0 robe (worn)
 c - a +0 kite shield (worn)
Jewellery
 f - a ring of fire
 F - a ring of fire
 W - a ring of willpower (left hand)
Wands
 n - a wand of roots (12)
Scrolls
 i - a scroll of poison {unknown}
 j - 3 scrolls of teleportation {@r2}
 k - a scroll of amnesia
 p - a scroll of butterflies {unknown}
 s - a scroll of immolation {unknown}
 t - a scroll of blinking
 v - a scroll of silence {unknown}
 w - a scroll of brand weapon
Potions
 d - a potion of might
 e - 5 potions of curing {@q1}
 g - a potion of magic {unknown}
 h - 2 potions of haste {unknown}
 l - a potion of ambrosia {unknown}
 o - a potion of enlightenment {unknown}
 q - a potion of mutation {unknown}
 r - a potion of resistance {unknown}
 u - a potion of invisibility {unknown}
 x - 4 potions of heal wounds {unknown}

Dungeon Overview and Level Annotations

Branches:
Dungeon (5/15)
 Temple: D:4-7

Altars:
Nemelex Xobeh

Shops:
D:4 ([:*(

Annotations:
D:5 1 runed translucent door, Crazy Yiuf, Pikel

.....##.####.........#
.....................#
.............#########
.............##
..............##
###............##
#.....####....#
#####.# ##..## #@#
♣....♣ #K# ♣♣...♣ 55#
♣♣.♣♣ .55# ♣♣.♣ ....#
♣.♣♣ .....# ♣♣.♣
......# ♣.♣♣ .....(.#
▒+▒ ...


You could see Pikel and 4 lemures.


Message History

You feel better.
Pikel hits you with a +2 whip of flaming!
* * * LOW HITPOINT WARNING * * *
Pikel burns you.
* * * LOW HITPOINT WARNING * * *
You sock Pikel!
Pikel is moderately wounded.
Pikel hits you with a +2 whip of flaming!
* * * LOW HITPOINT WARNING * * *
Pikel burns you.
* * * LOW HITPOINT WARNING * * *
Unknown command.
You hit Pikel but do no damage.
Pikel is moderately wounded.
You block Pikel's attack.
Unknown command.
You barely miss Pikel.
Pikel is moderately wounded.
Pikel hits you with a +2 whip of flaming.
* * * LOW HITPOINT WARNING * * *
Pikel burns you.
* * * LOW HITPOINT WARNING * * *
Unknown command.
You barely miss Pikel.
Pikel is moderately wounded.
Pikel barely misses you.
You hit Pikel.
Pikel is heavily wounded.
Pikel hits you with a +2 whip of flaming!
You die...

Skill      XL: |  1  2  3  4  5  6  7 |
---------------+----------------------+-----
Maces & Flails | 2 3 5 6 7 |  7.2
Fighting       | |  4.0
Dodging        | |  2.6
Shields        | |  3.0

Action                     |  1- 3 |  4- 6 |  7- 9 || total
---------------------------+-------+-------+-------++-------
  Melee: Flail             |    96 |   134 |    81 ||   311
    Use: Scroll            |     1 |     1 |     2 ||     4
         Potion            |     1 |       |     2 ||     3
   Stab: Sleeping          |     1 |     1 |       ||     2
 Armour: Robe              |    24 |    29 |     8 ||    61
  Dodge: Dodged            |    29 |    42 |    26 ||    97
  Block: Kite shield       |    37 |    41 |    25 ||   103

Levels and vault maps discovered:
D:1:      minmay_arrival_split_and_join, layout_rooms,
          chequers_serial_rivers_small_a, nrook_mini_vaults,
          serial_bayou_lagoon_b
D:2:      minmay_roachtagon, layout_basic, uniq_sigmund
D:3:      layout_loops_ring, mainiacjoe_overflow_chevrons
D:4:      layout_cave_pools, serial_column_ruins, column_ruins_hut,
          column_ruins_hut, column_ruins_columns_straight,
          column_ruins_open_tiny_water, column_ruins_grid_3, serial_shops, shop,
          shop_coins, nicolae_shop_window_shopping, shop_fountains,
          nicolae_shop_drivethru
D:5:      layout_basic, nicolae_gozag_zags_fifth_avenue,
          grunt_temple_overflow_open, uniq_edmund, uniq_crazy_yiuf_cottage,
          uniq_pikel

Notes
Turn   | Place    | Note
-------+----------+-------------------------------------------
     0 | D:1      | Drazool the Ogre Fighter began the quest for the Orb.
     0 | D:1      | Reached XP level 1. HP: 24/24 MP: 1/1
    55 | D:1      | Reached skill level 2 in Maces & Flails
   136 | D:1      | Reached XP level 2. HP: 32/32 MP: 2/2
   337 | D:1      | Reached skill level 3 in Maces & Flails
   399 | D:1      | Reached XP level 3. HP: 36/39 MP: 3/3
  1057 | D:2      | Noticed Sigmund
  1066 | D:2      | Killed Sigmund
  1067 | D:2      | Reached skill level 5 in Maces & Flails
  1067 | D:2      | Reached XP level 4. HP: 38/48 MP: 4/4
  1067 | D:2      | Reached XP level 5. HP: 43/54 MP: 5/5
  1369 | D:2      | Reached XP level 6. HP: 62/62 MP: 6/6
  2055 | D:3      | Identified the +4 chain mail of Voracious Lucidity {Will+
                  | Dex+3}
  2320 | D:3      | Found a sparkling altar of Nemelex Xobeh.
  2588 | D:4      | Reached skill level 6 in Maces & Flails
  2611 | D:4      | Found Timonoov's Antique Weapon Boutique.
  2668 | D:4      | Found Netig's Book Emporium.
  2870 | D:4      | Reached XP level 7. HP: 29/70 MP: 7/7
  3081 | D:4      | Found Uqeuran's Antique Armour Shop.
  3164 | D:4      | Found a transporter.
  3166 | D:4      | Found Ygrahib's Antique Weapon Boutique.
  3223 | D:4      | Found a transporter.
  3298 | D:4      | Found Vofaahum's General Store.
  3309 | D:4      | Bought a scroll of identify for 24 gold pieces
  3447 | D:5      | Entered Level 5 of the Dungeon
  3474 | D:5      | Reached skill level 7 in Maces & Flails
  3759 | D:4      | Upgraded the game from 0.31-a0-180-g519b7de00c to
                  | 0.31-a0-182-gc5ef74bbde
  3990 | D:5      | Found a runed translucent door.
  3991 | D:5      | Noticed Crazy Yiuf
  4008 | D:5      | Noticed Pikel
  4029 | D:5      | HP: 6/70 [Pikel/+2 whip of flaming (5)]
  4031 | D:5      | Slain by Pikel

Vanquished Creatures
  Sigmund (D:2)
  A phantom (D:4)
  A scorpion (D:4)
  A hound (D:4)
  A gnoll bouda (D:5)
  A sleepcap (D:3)
  2 iguanas
  5 gnolls (D:5)
  An adder (D:5)
  3 worms
  A dart slug (D:2)
  An orc (D:4)
  10 ball pythons
  12 endoplasms
  14 giant cockroaches
  7 goblins
  4 hobgoblins
  9 kobolds
  2 quokkas
  4 bats
  3 frilled lizards
  10 rats
94 creatures vanquished.

Table legend: (Time is in decaauts)
 A = Elapsed time spent in this place.
 B = Non-inter-level travel time spent in this place.
 C = Inter-level travel time spent in this place.
 D = Time resting spent in this place.
 E = Time spent auto-exploring this place.
 F = Levels seen in this place.
 G = Mean time per level.
                   A        B        C        D        E       F      G
               +--------+--------+--------+--------+--------+-----+--------+
         Total |   4116 |   4001 |    115 |    410 |   2633 |   5 |  823.2 |
       Dungeon |   4116 |   4001 |    115 |    410 |   2633 |   5 |  823.2 |
               +--------+--------+--------+--------+--------+-----+--------+

Top non-repeatable levels by time:
     D:4: 1140 daAuts
     D:2: 962 daAuts
     D:1: 867 daAuts
     D:3: 804 daAuts
     D:5: 342 daAuts

Table legend:
 A = Non-vault XP
 B = Vault XP
 C = Vault XP percentage of total XP
 D = Non-vault monster count
 E = Vault monster count
 F = Vault count percentage of total count
                 A         B        C        D         E       F
            +---------+---------+-------+---------+---------+-------
      Total |     593 |     243 |  29.1 |      83 |      11 |  11.7
            +---------+---------+-------+---------+---------+-------
        D:1 |      47 |       0 |   0.0 |      29 |       0 |   0.0
        D:2 |      37 |     243 |  86.8 |      19 |      11 |  36.7
        D:3 |      98 |       0 |   0.0 |      14 |       0 |   0.0
        D:4 |     289 |       0 |   0.0 |      14 |       0 |   0.0
        D:5 |     122 |       0 |   0.0 |       7 |       0 |   0.0
            +---------+---------+-------+---------+---------+-------
